 Dungeon Crawl Stone Soup version 0.29.0-4-gdea44cf6ec (webtiles) character file.

Game seed: 8435032196179793810

40 qw the Chopper (level 3, -7/21 HPs)
             Began as a Tengu Warper on Aug 28, 2022.
             Mangled by Jessica
             ... wielding a +2 dagger of venom
              (8 damage)
             ... on level 2 of the Dungeon.
             The game lasted 00:00:08 (1423 turns).

qw the Chopper (Tengu Warper)                       Turns: 1423, Time: 00:00:08

Health: -7/21      AC:  6    Str: 13    XL:     3   Next: 50%
Magic:  7/7        EV:  9    Int: 13    God:
Gold:   15         SH:  0    Dex: 13    Spells: 6/6 levels left

rFire   . . .      SeeInvis .   Y - +0 hand axe
rCold   . . .      Faith    .   (no shield)
rNeg    . . .      Spirit   .   h - +0 scale mail
rPois   .          Reflect  .   (helmet restricted)
rElec   .          Harm     .   (no cloak)
rCorr   .          Rampage  .   (no gloves)
Will    .....                   (boots unavailable)
Stlth   ..........              (no amulet)
HPRegen 0.07/turn               (no ring)
MPRegen 0.10/turn               (no ring)

@: no status effects
A: beak, talons 3
a: no special abilities


You were on level 2 of the Dungeon.
You visited 1 branch of the dungeon, and saw 2 of its levels.

You collected 15 gold pieces.


Innate Abilities, Weirdness & Mutations

You have a beak for a mouth.
You have claws for feet.


   Skills:
 - Level 2.0 Fighting
 + Level 4.2 Axes
 - Level 1.0 Throwing
 - Level 1.1 Armour
 - Level 2.1 Dodging
 - Level 2.0 Spellcasting
 - Level 2.4 Translocations


You had 6 spell levels left.
You didn't know any spells.
Your spell library contained the following spells:

 Spells                   Type           Power      Damage    Failure   Level
 Blink                    Tloc           14%        N/A       56%         2
 Gell's Gravitas          Tloc           7%         N/A       80%         3
 Lesser Beckoning         Tloc           7%         N/A       80%         3
 Teleport Other           Tloc           7%         N/A       80%         3
 Manifold Assault         Tloc           7%         N/A       100%        5

Inventory:

Hand Weapons
 d - a +1 vampiric whip
 Y - a +0 hand axe (weapon)
Armour
 h - a +0 scale mail (worn)
Scrolls
 a - a scroll of identify
Potions
 e - a potion of attraction {unknown}
 f - a potion of curing {unknown}
 i - a potion of haste {unknown}

Dungeon Overview and Level Annotations

Branches:
Dungeon (2/15)

Altars:

Annotations:
D:2 Jessica, Robin


Message History

You kill the hobgoblin!
You hit the goblin but do no damage. You closely miss the goblin.
The goblin hits you with a +0 dagger. The goblin completely misses you.
You barely miss the goblin. x2
The goblin hits you with a +0 dagger. The goblin hits you but does no damage.
You closely miss the goblin. You claw the goblin.
You kill the goblin!
You hit the goblin.
Jessica gestures wildly while chanting.
Jessica blinks!
The goblin hits you but does no damage.
You slash the goblin!
You kill the goblin!
The goblin completely misses you.
A hobgoblin comes into view.
A goblin comes into view. It is wielding a +0 dagger.
Things that are here:
a +0 dagger; a +0 club The hobgoblin shouts!
You hit the goblin. Your kick misses the goblin.
The goblin is heavily wounded.
You hear an angry hiss.
You hear a shout!
The goblin hits you with a +0 dagger.
You hit the goblin.
You kill the goblin!
Jessica mumbles some strange words.
Jessica seems to speed up.
You hear an angry hiss.
You barely miss the hobgoblin.
An adder comes into view.
The hobgoblin closely misses you.
The adder moves out of view.
You completely miss the hobgoblin. Your kick misses the hobgoblin.
Jessica closely misses you.
Robin of the Strong Arm comes into view.
They are wielding a +0 mace.
You barely miss Jessica. You closely miss the hobgoblin.
You hit the goblin but do no damage.
Jessica hits you with a +2 dagger of venom!
The hobgoblin hits you but does no damage.
The goblin hits you with a +0 dagger.
Jessica hits you with a +2 dagger of venom!
You die...

#.# #.#
#####.#######.
#...#.........
#.#.....######
#.............
########.....##....
#.%.)....######....
#g@.)##### #....
#g@..# #....
..g.S..... #....
......P..P.# #....
.......P.....#
####'
...###.....P.##
###. ...
.P}...P..... #...
..
.~}.~..##....###.##
........#


You could see Robin, an adder, Jessica (fast), a hobgoblin and a goblin.

Vanquished Creatures
  A dart slug (D:1)
  A bat (D:1)
  An endoplasm (D:1)
  A giant cockroach (D:1)
  4 hobgoblins
  9 jackals
  2 quokkas
  A ball python (D:1)
  3 frilled lizards (D:1)
  6 goblins
  2 kobolds (D:1)
  A rat (D:1)
32 creatures vanquished.

Notes
Turn   | Place    | Note
-------+----------+-------------------------------------------
     0 | D:1      | qw the Tengu Warper began the quest for the Orb.
     0 | D:1      | Reached XP level 1. HP: 12/12 MP: 4/4
     0 | D:1      | 0 ||| qw: Version: 0.1-a-89-g26bdef1
     0 | D:1      | 0 ||| qw: Game counter: 2281
     0 | D:1      | 0 ||| qw: Always use a shield: true
     0 | D:1      | 0 ||| qw: God list: Okawaru
     0 | D:1      | 0 ||| qw: Allow faded altars: false
     0 | D:1      | 0 ||| qw: Do Orc after D:15 true
     0 | D:1      | 0 ||| qw: Do second Lair branch before Depths: true
     0 | D:1      | 0 ||| qw: Lair rune preference: random
     0 | D:1      | 0 ||| qw: Plans: Normal
     0 | D:1      | 0 ||| PLANNING D:1-11
   221 | D:1      | Reached XP level 2. HP: 9/17 MP: 6/6
   256 | D:1      | Reached skill level 3 in Axes
   625 | D:1      | 625 ||| DROPPING +0 whip.
   991 | D:1      | Reached XP level 3. HP: 19/21 MP: 7/7
  1255 | D:1      | 1255 ||| UPGRADING to +0 scale mail.
  1265 | D:1      | 1265 ||| DROPPING +0 leather armour.
  1266 | D:1      | 1266 ||| READING scroll labelled WITTIOL VOMOEN.
  1267 | D:1      | 1267 ||| READING scroll labelled HIUKLO QANEWK.
  1268 | D:1      | 1268 ||| READING scroll labelled SOOXUXZ PERRA.
  1269 | D:1      | 1269 ||| DROPPING scroll of blinking.
  1291 | D:2      | 1291 ||| STAIRDANCE
  1316 | D:2      | 1316 ||| STAIRDANCE
  1402 | D:2      | 1402 ||| Stepping ~*~*~tactically~*~*~ (stealth).
  1412 | D:2      | Reached skill level 4 in Axes
  1412 | D:2      | Noticed Jessica
  1422 | D:2      | Noticed Robin
  1423 | D:2      | HP: 2/21 [Jessica/+2 dagger of venom (7)]
  1423 | D:2      | Mangled by Jessica

Levels and vault maps discovered:
D:1:      heliophobic_arrival_ceremonial_halls, layout_basic
D:2:      layout_basic, shapermc_ecumenical_altar_mp_ritualfount, uniq_jessica,
          uniq_natasha, uniq_robin

Skill      XL: |  1  2  3 |
---------------+----------+-----
Axes           | 3 4 |  4.2
Fighting       | |  2.0
Throwing       | |  1.0
Armour         | |  1.1
Dodging        | |  2.1
Spellcasting   | |  2.0
Translocations | |  2.4

Action                   || total
-------------------------++-------
Melee: Hand axe          ||    79
       Kick              ||    11
       Peck              ||     8
Throw: Boomerang         ||     7
  Use: Scroll            ||     3
Armor: Leather armour    ||    10
       Scale mail        ||    18
Dodge: Dodged            ||    57

Table legend:
 A = Non-vault XP
 B = Vault XP
 C = Vault XP percentage of total XP
 D = Non-vault monster count
 E = Vault monster count
 F = Vault count percentage of total count
                 A         B        C        D         E       F
            +---------+---------+-------+---------+---------+-------
      Total |      48 |      10 |  17.2 |      27 |       5 |  15.6
            +---------+---------+-------+---------+---------+-------
        D:1 |      40 |       0 |   0.0 |      23 |       0 |   0.0
        D:2 |       8 |      10 |  55.6 |       4 |       5 |  55.6
            +---------+---------+-------+---------+---------+-------
